Map: Interloper LE

Players

HiddenPeter

  • Race: Protoss Protoss
  • Spawn Location: 11:00

Yata - Winner!

  • Race: Zerg Zerg
  • League: Gold
  • Spawn Location: 5:00

VOD

Have the link to the VOD?

Description

Time

  • Played on: Sept. 7, 2017, 10:50 p.m.
  • Length: 10:09
Show
View Real Time Build Order
Export as new Build Order

HiddenPeter Protoss 

Build Orders: 1 Gate Expand, Oracle Opening 

Get SALT Encoding   

  12  0:01  Probe (Chrono Boost)  
  13  0:12  Probe (Chrono Boost)  
  14  0:24  Pylon  
  14  0:28  Probe (Chrono Boost)  
  16  0:43  Gateway, Probe (Chrono Boost)  
  16  0:49  Assimilator  
  16  0:53  Probe (Chrono Boost)  
  17  1:04  Probe (Chrono Boost)  
  18  1:14  Probe (Chrono Boost)  
  19  1:32  Nexus  
  19  1:34  Probe (Chrono Boost)  
  20  1:42  Cybernetics Core  
  20  1:53  Pylon  
  20  1:57  Zealot (Chrono Boost)  
  22  2:02  Probe  
  22  2:06  Assimilator  
  23  2:14  Probe  
  24  2:18  Warp Gate  
  24  2:26  Probe  
  25  2:32  Pylon  
  25  2:38  Mothership Core (Chrono Boost)  
  26  2:45  Probe (Chrono Boost)  
  26  2:51  Stargate  
  27  2:56  Probe (Chrono Boost)  
  27  2:57  Probe (Chrono Boost)  
  29  3:06  Adept (Chrono Boost)  
  29  3:09  Probe  
  29  3:11  Probe  
  33  3:20  Probe  
  33  3:23  Probe  
  35  3:30  Probe  
  36  3:35  Probe  
  36  3:38  Stalker (Chrono Boost)  
  39  3:42  Probe  
  39  3:47  Probe, Oracle (Chrono Boost)  
  44  3:54  Probe  
  45  3:59  Probe  
  46  4:05  Pylon  
  46  4:06  Pylon, Probe  
  47  4:11  Probe  
  48  4:19  Phoenix (Chrono Boost), Probe  
  48  4:23  Probe  
  52  4:31  Gateway, Probe  
  53  4:32  Gateway  
  53  4:33  Gateway  
  53  4:37  Twilight Council  
  53  4:38  Probe  
  53  4:43  Probe  
  55  4:50  Probe  
  52  5:27  Probe  
  52  5:28  Probe  
  54  5:38  Adept  
  54  5:41  Probe (Chrono Boost)  
  54  5:42  Probe (Chrono Boost)  
  58  5:45  Resonating Glaives  
  58  5:50  Assimilator  
  58  5:53  Probe (Chrono Boost)  
  59  6:01  Adept x2  
  63  6:04  Nexus  
  63  6:05  Pylon  
  63  6:08  Pylon  
  63  6:21  Probe (Chrono Boost)  
  63  6:23  Adept x2, Probe (Chrono Boost)  
  69  6:25  Adept x2  
  69  6:31  Probe (Chrono Boost)  
  74  6:39  Assimilator  
  74  6:42  Robotics Facility  
  74  6:46  Gateway  
  74  6:48  Gateway  
  74  6:51  Gateway  
  74  6:53  Gateway  
  74  6:54  Adept x2  
  74  6:55  Adept x2  
  74  6:56  Gateway  
  62  7:45  Adept x5  
  62  7:48  Zealot  
  76  7:59  Probe (Chrono Boost)  
  76  8:00  Probe (Chrono Boost)  
  76  8:03  Adept x3  
  84  8:09  Probe (Chrono Boost)  
  84  8:10  Adept x5  
  93  8:20  Phoenix (Chrono Boost)  
  86  8:33  Adept x2  
  86  8:34  Adept x4  
  84  8:35  Adept x3  
  82  8:44  Phoenix (Chrono Boost)  
  78  8:51  Probe x3  
  81  9:02  Pylon, Probe  
  79  9:03  Probe x2  
  79  9:05  Pylon  
  78  9:15  Phoenix (Chrono Boost)  
  64  9:28  Adept x3  
  64  9:29  Adept x4  
  64  9:30  Adept x2  
  70  9:37  Phoenix (Chrono Boost)  
  72  9:54  Dark Shrine  
Show
View Real Time Build Order
Export as new Build Order

Yata Zerg - Winner!

Build Orders: Hatch First, Muta Ling Bane 

Get SALT Encoding   

  12  0:02  Drone  
  13  0:18  Overlord  
  13  0:21  Drone  
  14  0:36  Drone x2  
  14  0:40  Drone  
  17  0:57  Drone  
  17  1:00  Hatchery  
  17  1:03  Drone  
  18  1:11  Extractor  
  17  1:17  Spawning Pool  
  16  1:19  Drone  
  16  1:24  Drone  
  18  1:33  Drone  
  19  1:44  Overlord  
  19  2:06  Queen  
  21  2:12  Queen  
  21  2:14  Zergling x4  
  25  2:18  Baneling Nest  
  25  2:22  Evolution Chamber  
  23  2:23  Drone x2  
  23  2:26  Drone  
  26  2:33  Overlord  
  26  2:39  Metabolic Boost  
  26  2:48  Drone x2  
  28  2:58  Drone  
  28  2:59  Drone x2  
  31  3:09  Extractor, Drone  
  31  3:10  Drone  
  32  3:13  Overlord  
  32  3:26  Zergling x12  
  37  3:34  Lair  
  37  3:40  Drone x2  
  39  3:54  Drone x3  
  42  3:58  Spore Crawler  
  42  3:59  Spore Crawler  
  40  4:14  Baneling x3  
  40  4:15  Baneling  
  40  4:21  Pneumatized Carapace  
  40  4:23  Zerg Melee Weapons Level 1  
  40  4:29  Drone x5  
  40  4:30  Drone x3  
  48  4:39  Overlord x2  
  46  5:06  Zergling x2  
  46  5:07  Zergling x12  
  51  5:20  Zergling x4  
  50  5:45  Zergling x4  
  52  5:52  Spire  
  52  5:54  Overlord  
  52  5:55  Overlord x3  
  51  6:00  Hatchery, Extractor  
  51  6:02  Extractor  
  48  6:05  Evolution Chamber  
  46  6:27  Drone x4  
  46  6:28  Drone x4  
  54  6:34  Zerg Ground Armor Level 1, Zerg Melee Weapons Level 2  
  54  6:44  Centrifical Hooks  
  54  6:48  Queen  
  56  7:04  Drone x8  
  64  7:14  Drone  
  65  7:16  Drone x6  
  71  7:24  Drone x2  
  67  7:39  Mutalisk x7  
  67  7:43  Zergling x2  
  81  7:44  Zergling x2  
  81  7:51  Drone  
  82  7:53  Extractor  
  82  7:54  Mutalisk x2  
  82  7:55  Extractor  
  84  7:59  Overlord x3  
  84  8:02  Zergling x6  
  87  8:06  Zerg Flyer Weapons Level 1  
  86  8:16  Zergling x8  
  84  8:33  Mutalisk  
  84  8:34  Mutalisk x2  
  62  8:45  Zergling x10  
  62  8:46  Zergling x14  
  73  8:51  Queen  
  75  9:06  Baneling x4  
  75  9:07  Baneling x4  
  65  9:24  Zergling x2  
  65  9:25  Zergling x28  
  77  9:38  Drone x3  
Tags
 
Add a new tag
Caveats
  • Supply blocks, unpowered buildings, or Contaminate may cause inaccurate times.
  • Supply counts are checked every 10 seconds.